 Dungeon Crawl Stone Soup version 0.29.1-15-g9cfb28693d (webtiles) character file.

Game seed: 18171285605888373787

55 Alturiack the Vexing (level 3, -2/27 HPs)
             Began as a Barachi Arcane Marksman on Apr 10, 2023.
             Slain by a hobgoblin (5 damage)
             ... on level 3 of the Dungeon.
             The game lasted 00:12:05 (1891 turns).

Alturiack the Vexing (Barachi Arcane Marksman)      Turns: 1891, Time: 00:12:06

Health: -2/27      AC:  2    Str: 11    XL:     3   Next: 93%
Magic:  5/5        EV: 12    Int: 13    God:
Gold:   160        SH:  0    Dex: 14    Spells: 4/5 levels left

rFire   . . .      SeeInvis .   a - +1 sling
rCold   . . .      Faith    .   (no shield)
rNeg    . . .      Spirit   .   c - +0 robe
rPois   .          Reflect  .   (no helmet)
rElec   .          Harm     .   (no cloak)
rCorr   .          Rampage  .   (no gloves)
Will    .....                   (no boots)
Stlth   +.........              (no amulet)
HPRegen 0.09/turn               (no ring)
MPRegen 0.09/turn               (no ring)

@: slow
A: amphibious, slowness 1, strong legs 1, +LOS
a: Hop


You were on level 3 of the Dungeon.
You visited 1 branch of the dungeon, and saw 3 of its levels.

You collected 160 gold pieces.

Inventory:

Hand Weapons
 a - a +1 sling (weapon)
Armour
 c - a +0 robe (worn)
Jewellery
 l - a +6 ring of intelligence
Scrolls
 b - a scroll of poison
 e - 2 scrolls of identify {unknown}
 f - a scroll of fear {unknown}
 j - a scroll of brand weapon {unknown}
 k - a scroll of fog {unknown}
 p - a scroll of silence {unknown}
Potions
 d - 4 potions of mutation {unknown}
 g - a potion of brilliance {unknown}
 h - a potion of flight {unknown}
 i - 3 potions of curing {unknown}
 m - a potion of berserk rage {unknown}
 n - a potion of ambrosia {unknown}
 o - a potion of heal wounds {unknown}


   Skills:
 * Level 2.2 Fighting
 * Level 2.5 Ranged Weapons
 * Level 2.8 Dodging
 * Level 1.9 Spellcasting
 * Level 3.6 Hexes


You had 4 spell levels left.
You knew the following spells:

 Your Spells              Type           Power      Damage    Failure   Level
a - Slow                  Hex            40%        N/A       6%          1

Your spell library contained the following spells:

 Spells                   Type           Power      Damage    Failure   Level
 Sandblast                Erth           2%         2d4       26%         1
 Passwall                 Tmut/Erth      0%         N/A       36%         2
 Poisonous Vapours        Pois/Air       2%         N/A       36%         2
 Inner Flame              Hex/Fire       6%         N/A       36%         3
 Portal Projectile        Hex/Tloc       12%        N/A       36%         3
 Cause Fear               Hex            5%         N/A       50%         4
 Stone Arrow              Conj/Erth      2%         3d7       61%         3
 Corpse Rot               Necr/Pois/Air  1%         N/A       95%         4


Dungeon Overview and Level Annotations

Branches:
Dungeon (3/15)

Altars:
Yredelemnul

Annotations:
D:3 3 runed translucent doors, Groucho's ghost, amateur DECj


Innate Abilities, Weirdness & Mutations

You are amphibious.
You cover ground slowly.
You can hop short distances.
You have an extended range of vision and can be seen from far away.


Message History

The orc wizard shouts!
Fire: a) +1 sling
Press: ? - help, Q - select action, (/) - cycle Shift-Dir - straight line, f - hobgoblin
Aim: a hobgoblin (59% to hit)
You shoot a sling bullet.
The sling bullet barely misses the hobgoblin.
A ball python comes into view.
The orc wizard casts a spell at you. The magic dart hits you!
An orc comes into view. It is wielding a +0 whip.
You see here a scroll labelled FAUTUU TAERHE.
The ball python hisses angrily.
You hear a shout!
The hobgoblin misses you. The hobgoblin attacks as you move away!
The hobgoblin hits you. The orc wizard casts a spell at you.
You are confused.
An orc comes into view. It is wielding a +0 hand axe.
You see here 6 stones.
You bump into the rock wall.
The hobgoblin hits you.
You bump into the rock wall.
The hobgoblin hits you.
You clumsily bash the hobgoblin but do no damage.
An orc comes into view. It is wielding a +0 hand axe.
The hobgoblin hits you.
* * * LOW HITPOINT WARNING * * *
The hobgoblin hits you but does no damage.
The orc wizard barely misses you.
You completely miss the hobgoblin.
You feel less confused.
The orc wizard mumbles some strange words.
The orc wizard flickers and vanishes!
Deactivating autopickup; reactivate with Ctrl-A.
The hobgoblin closely misses you. Something hits you.
* * * LOW HITPOINT WARNING * * *
An orc priest comes into view. It is wielding a +0 vampiric falchion.
The ball python attacks as you move away!
The ball python bites you.
* * * LOW HITPOINT WARNING * * *
The hobgoblin hits you.
You die...

#...........# ###......
#...# ##.#.##### #..?#
#....# . #...# ##.### ..
#..o# #.# ##.. #...#
##.#######
#..o.#.o(########......##.
#.......og..............#.
..#......S@.....#...#......
...##...............#.#..#.
......#...######.#....#..#.
######...# #.#.......##
#...# ####.##.#.#.<.. #...#
#............##
#####...###.##.##.#.#.###
#......<..#.##.##........
#.#.##..#.#.##........##.


You could see an orc priest (wandering), 3 orcs, a hobgoblin and a ball python.

Vanquished Creatures
  An adder (D:2)
  A worm (D:2)
  2 dart slugs (D:1)
  2 endoplasms (D:3)
  A giant cockroach (D:1)
  5 goblins
  5 hobgoblins
  3 quokkas (D:2)
  2 ball pythons
  5 bats
  2 frilled lizards (D:2)
  2 kobolds (D:2)
  6 rats
37 creatures vanquished.

Notes
Turn   | Place    | Note
-------+----------+-------------------------------------------
     0 | D:1      | Alturiack the Barachi Arcane Marksman began the quest for
                  | the Orb.
     0 | D:1      | Reached XP level 1. HP: 15/15 MP: 2/2
   183 | D:1      | Reached XP level 2. HP: 21/21 MP: 3/3
   270 | D:1      | Found a faded altar of an unknown god.
   508 | D:2      | Reached XP level 3. HP: 24/27 MP: 5/5
  1539 | D:3      | Found a runed translucent gate.
  1539 | D:3      | Found a runed translucent gate.
  1542 | D:3      | Found a runed translucent gate.
  1550 | D:3      | Noticed Groucho's ghost (amateur DECj)
  1782 | D:3      | Found a basalt altar of Yredelemnul.
  1891 | D:3      | Slain by a hobgoblin

Illustrated notes

Levels and vault maps discovered:
D:1:      wheals_arrival_shading, layout_rooms,
          dreamdust_ecumenical_altar_statues
D:2:      layout_basic, minmay_strange_pillars, dk_noncrumbling_3
D:3:      layout_loops_cross, lemuel_doored_altar, gammafunk_ghost_necromancy,
          minmay_misc_feat_chi, grunt_ministairs_14

Skill      XL: |  1  2  3 |
---------------+----------+-----
Fighting       | 2 |  2.2
Ranged Weapons | |  2.5
Dodging        | |  2.8
Spellcasting   | |  1.9
Hexes          | |  3.6

Action                   || total
-------------------------++-------
Melee: Sling             ||    15
 Fire: Sling             ||   106
 Cast: Slow              ||    17
 Abil: Hop               ||     2
Armor: Robe              ||    14
Dodge: Dodged            ||    46
